 Dungeon Crawl Stone Soup version 0.22.0 (webtiles) character file.

870 Blackhawk the Shooter (level 7, 0/60 HPs)
             Began as a Centaur Hunter on Nov 1, 2018.
             Killed from afar by an orc wizard (26 damage)
             ... with a wand of acid (9)
             ... on level 5 of the Dungeon on Nov 2, 2018.
             The game lasted 00:11:48 (6972 turns).

Blackhawk the Shooter (Centaur Hunter)              Turns: 6972, Time: 00:11:49

Health: 0/60       AC:  0    Str: 14    XL:     7   Next: 73%
Magic:  7/7        EV: 10    Int: 10    God:
Gold:   225        SH:  0    Dex: 12    Spells: 6/6 levels left

rFire    . . .     SeeInvis .   b - +0 spear
rCold    . . .     Gourm    .   (no shield)
rNeg     . . .     Faith    .   c - +0 leather armour
rPois    .         Spirit   .   (no helmet)
rElec    .         Reflect  .   (no cloak)
rCorr    .         Harm     .   (no gloves)
MR       .....                  (no barding)
Stlth    +.........             (no amulet)
HPRegen  0.20/turn              (no ring)
MPRegen  0.10/turn              (no ring)

@: corroded, very quick
A: large, hooves 3, deformed body, speed 2, tough skin 3
a: no special abilities


You were on level 5 of the Dungeon.
You were very hungry.

You visited 1 branch of the dungeon, and saw 5 of its levels.

You collected 225 gold pieces.

Inventory:

Hand Weapons
 a - a +1 shortbow
 b - a +0 spear (weapon)
 w - a +0 short sword
 A - a +2 spear of venom
Missiles
 d - 29 arrows
Armour
 c - a +0 leather armour (worn)
 o - a cursed +0 ring mail
Jewellery
 e - an uncursed ring of protection from cold {unknown}
 x - an uncursed amulet of regeneration {unknown}
Wands
 y - a wand of iceblast (6)
Scrolls
 h - a scroll of teleportation {unknown}
 j - a scroll of noise {unknown}
 l - 2 scrolls of immolation {unknown}
 n - a scroll of remove curse {unknown}
 q - a scroll of magic mapping {unknown}
 t - a scroll of enchant armour {unknown}
 v - 2 scrolls of identify {unknown}
 B - a scroll of fog {unknown}
Potions
 g - a potion of agility {unknown}
 i - 2 potions of degeneration {unknown}
 k - 2 potions of heal wounds {unknown}
 m - a potion of curing {unknown}
 p - a potion of cancellation {unknown}
 r - a potion of berserk rage {unknown}
 s - a potion of invisibility {unknown}
 u - 2 potions of ambrosia {unknown}
 z - a potion of lignification {unknown}
Comestibles
 f - 8 rations


   Skills:
 + Level 4.7 Fighting
 + Level 7.8 Bows
 + Level 3.6 Dodging
 + Level 2.9 Stealth


You had 6 spell levels left.
You didn't know any spells.
Your spell library contained the following spells:

 Spells                   Type           Power        Failure   Level  Hunger
 Apportation              Tloc           #.....       43%         1    ##.....
 Teleport Other           Tloc           #.......     82%         3    ####...
 Summon Small Mammal      Summ           #...         43%         1    ##.....
 Blink                    Tloc           N/A          58%         2    ###....
 Animate Skeleton         Necr           N/A          43%         1    ##.....
 Confusing Touch          Hex            #.....       43%         1    ##.....
 Passage of Golubria      Tloc           N/A          99%         4    #####..
 Shroud of Golubria       Chrm/Tloc      #.........   58%         2    ###....
 Gell's Gravitas          Tloc           #.........   82%         3    ####...
 Lesser Beckoning         Tloc           #.........   82%         3    ####...


Dungeon Overview and Level Annotations

Branches:
Dungeon (5/15)
 Temple: D:4-7

Altars:
Gozag
Sif Muna
Vehumet
Wu Jian


Innate Abilities, Weirdness & Mutations

You have hooves in place of feet.
Armour fits poorly on your strangely shaped body.
You cover ground very quickly.
You have extremely tough skin. (AC +3)


Message History

You are splashed with acid!
The acid burns!
It is a wand of acid (9).
Attack whom?
Press: ? - help, Dir - move target cursor, f/p - orc wizard
Aim: an orc wizard, wielding a dagger, wearing a robe and carrying a wand of acid (9) (lightly wounded)
You reach to attack!
You miss the orc wizard.
The orc wizard is lightly wounded.
You barely miss the orc wizard.
The orc wizard is lightly wounded.
The orc wizard barely misses you.
You hit the orc wizard but do no damage.
The orc wizard is lightly wounded.
The orc wizard barely misses you.
You hit the orc wizard.
You kick the orc wizard, but do no damage.
The orc wizard is moderately wounded.
The orc wizard barely misses you.
You hit the orc wizard but do no damage.
The orc wizard is moderately wounded.
The orc wizard zaps a wand.
The bolt of acid hits you!
You die...

#.#.# #.#.#####
#.#.#...##
#####.#......#
.....#.......#
#............#
#.###.#.#...##
#.###.#[#[.##
......o@.)..# #
....##.#..#.###.#
#.#.#.....#..)..#
.
##.#..#.###......
##.#.#.# #####
....#.. ######.#
#.# ...


You could see an orc wizard.

Vanquished Creatures
  An ice beast (D:5)
  2 phantoms (D:5)
  An ogre (D:5)
  3 scorpions
  A howler monkey (D:4)
  A hound (D:5)
  3 orc priests
  An orc wizard (D:5)
  A centaur skeleton (D:5)
  5 adders
  3 oozes
  An adder skeleton (D:5)
  A worm (D:3)
  3 dart slugs
  2 leopard geckos
  10 orcs
  3 ball pythons
  4 giant cockroaches
  8 goblins
  6 hobgoblins
  7 jackals (D:5)
  4 quokkas
  7 bats
  2 frilled lizards (D:1)
  17 kobolds
  6 rats
103 creatures vanquished.

Vanquished Creatures (others)
  A bat (D:1)
1 creature vanquished.

Grand Total: 104 creatures vanquished

Notes
Turn   | Place    | Note
-------+----------+-------------------------------------------
     0 | D:1      | Blackhawk the Centaur Hunter began the quest for the Orb.
     0 | D:1      | Reached XP level 1. HP: 17/17 MP: 1/1
    11 | D:1      | Reached XP level 2. HP: 21/24 MP: 2/2
   609 | D:1      | Reached skill level 1 in Stealth
   837 | D:1      | Reached XP level 3. HP: 30/30 MP: 3/3
  1547 | D:2      | Reached XP level 4. HP: 37/37 MP: 4/4
  1856 | D:2      | Reached skill level 6 in Bows
  2276 | D:2      | Found a radiant altar of Vehumet.
  2438 | D:3      | Found an ornate altar of the Wu Jian Council.
  2734 | D:2      | Reached XP level 5. HP: 23/45 MP: 5/5
  4295 | D:3      | Found a faded altar of an unknown god.
  4585 | D:3      | Reached XP level 6. HP: 26/51 MP: 6/6
  4784 | D:3      | Found a deep blue altar of Sif Muna.
  5485 | D:5      | Entered Level 5 of the Dungeon
  5564 | D:5      | Reached skill level 7 in Bows
  5594 | D:5      | Reached XP level 7. HP: 45/59 MP: 7/7
  5667 | D:5      | Found an opulent altar of Gozag.
  5806 | D:5      | HP: 2/59 [poisoned by a scorpion]
  6443 | D:5      | HP: 3/60 [phantom (5)]
  6972 | D:5      | Killed from afar by an orc wizard

Skill      XL: |  1  2  3  4  5  6 |
---------------+-------------------+-----
Stealth        | 1 2 |  2.9
Dodging        | 2 3 |  3.6
Bows           | 6 7 |  7.8
Fighting       | 3 4 |  4.7

Action                   |  1- 3 |  4- 6 |  7- 9 || total
-------------------------+-------+-------+-------++-------
Melee: Short sword       |    88 |    44 |       ||   132
       Kick              |    16 |    35 |    26 ||    77
       Spear             |       |   102 |   152 ||   254
 Fire: Shortbow          |    29 |    66 |    10 ||   105
  Eat: Chunk             |     1 |    10 |     4 ||    15
Armor: Leather armour    |    57 |    37 |    31 ||   125
Dodge: Dodged            |    53 |    70 |    67 ||   190
